 Dungeon Crawl Stone Soup version 0.28-a0-773-g130ae17fe5 (webtiles) character file.

Game seed: 7428896136597356183

167 cheechan the Chopper (level 5, -1/55 HPs)
             Began as an Octopode Berserker on Nov 1, 2021.
             Was a Priest of Trog.
             Succumbed to a kobold brigand's curare-tipped dart
             ... in a sewer.
             The game lasted 00:05:59 (1869 turns).

cheechan the Chopper (Octopode Berserker)           Turns: 1869, Time: 00:05:59

Health: -1/55      AC:  1    Str: 18    XL:     5   Next: 48%
Magic:  5/5        EV: 14    Int:  9    God:    Trog [***...]
Gold:   107        SH:  0    Dex: 11    Spells: 4/4 levels left

rFire   . . .      SeeInvis .   a - +0 hand axe
rCold   . . .      Faith    +   (no shield)
rNeg    . . .      Spirit   .   (helmet restricted)
rPois   .          Reflect  .   d - amulet of faith
rElec   .          Harm     .   h - ring of flight
rCorr   .          Rampage  .   (no ring)
Will    .....                   (no ring)
Stlth   ..........              (no ring)
HPRegen 0.18/turn               (no ring)
MPRegen 0.09/turn               (no ring)
                                (no ring)
                                (no ring)

@: berserking, lethally poisoned (-1 -> -15), flying, slowed
A: almost no armour, amphibious, 8 rings, camouflage 1, gelatinous body 1,
nimble swimmer 1, tentacles
a: Renounce Religion, Berserk, Trog's Hand


You were in a sewer.
You worshipped Trog.
Trog was most pleased with you.
You visited 1 branch of the dungeon, and saw 3 of its levels.
You also visited: Sewer.

You collected 107 gold pieces.

Inventory:

Hand Weapons
 a - a +0 hand axe (weapon)
Missiles
 b - 15 poisoned darts (quivered)
 e - 17 bolts
Jewellery
 d - an amulet of faith (around mantle)
 h - a ring of flight (left tentacle)
Scrolls
 c - a scroll of teleportation
 i - a scroll of fog {unknown}
Potions
 f - a potion of invisibility
 g - a potion of flight {unknown}
 j - a potion of heal wounds {unknown}


   Skills:
 + Level 3.6 Fighting
 + Level 4.2 Axes
 + Level 4.1 Dodging
 + Level 2.8 Stealth


You had 4 spell levels left.
You didn't know any spells.
Your spell library was empty.

Dungeon Overview and Level Annotations

Branches:
Dungeon (3/15)              Sewer (1/1)

Altars:
Hepliaklqana

Shops:
D:3 =


Innate Abilities, Weirdness & Mutations

You cannot wear most types of armour.
You are amphibious.
You can wear up to eight rings at the same time.
Your skin changes colour to match your surroundings (Stealth+).
Your rubbery body absorbs attacks. (AC +1, EV +1)
You are camouflaged near water. (Stealth+)
You have tentacles for arms and can constrict up to eight enemies at once.


Message History

The kobold brigand shouts!
You see here a +0 short sword.
Found a potion of invisibility.
The kobold hits you with a +0 club.
You closely miss the kobold. You grab the kobold. You squeeze the kobold.
You kill the kobold!
Trog accepts your kill. The river rat bites you. The river rat bites you!
The kobold brigand drinks a potion.
The kobold brigand suddenly seems more resistant.
A red film seems to cover your vision as you go berserk!
You feel yourself moving faster!
You feel mighty!
You hit the river rat. Your grab misses the river rat.
The river rat is moderately wounded.
The river rat closely misses you.
You closely miss the river rat. You grab the river rat.
The river rat is moderately wounded.
You constrict the river rat, but do no damage.
The river rat completely misses you.
You slash the river rat!
You kill the river rat!
Trog accepts your kill.
The kobold brigand throws a curare-tipped dart.
The curare-tipped dart hits you.
You are lethally poisoned!
You have difficulty breathing.
* * * LOW HITPOINT WARNING * * *
You feel yourself slow down.
You are too berserk!
You are too berserk!
Okay, then.
* * * LOW HITPOINT WARNING * * *
You feel very sick. The kobold brigand closely misses you.
You see here a river rat corpse.
You slash the kobold brigand! Your grab misses the kobold brigand.
You squeeze the kobold brigand!!
The kobold brigand is almost dead.
You die...

##.≈.## ##...##
.#####.≈..≈####≈.).≈#
≈≈≈≈≈≈≈≈...≈≈≈≈≈...≈#
#####.....####.....#
##.≈.## ##≈≈.## ##≈##
##### #≈# #≈# ##@##
##†K≈##
#####≈)..≈#####..
≈≈≈≈≈.≈).≈....≈!.
#####....)#####..
##.≈.## #####


You could see a kobold brigand (resistant).

Vanquished Creatures
  An orc wizard (D:3)
  3 river rats
  4 adders
  A worm (D:3)
  2 dart slugs
  4 orcs (D:3)
  8 bats
  9 endoplasms
  4 giant cockroaches
  2 goblins
  3 hobgoblins
  3 jackals (D:1)
  3 quokkas
  7 ball pythons
  3 frilled lizards
  5 kobolds
  7 rats
69 creatures vanquished.

Notes
Turn   | Place    | Note
-------+----------+-------------------------------------------
     0 | D:1      | cheechan the Octopode Berserker began the quest for the
                  | Orb.
     0 | D:1      | Reached XP level 1. HP: 16/16 MP: 1/1
    28 | D:1      | Found a faded altar of an unknown god.
   108 | D:1      | Reached XP level 2. HP: 4/21 MP: 2/2
   603 | D:1      | Reached XP level 3. HP: 20/26 MP: 3/3
   836 | D:2      | Reached skill level 1 in Stealth
  1002 | D:2      | Reached XP level 4. HP: 26/31 MP: 4/4
  1050 | D:2      | Reached ** piety under Trog
  1277 | D:3      | Found Luacin's Jewellery Shop.
  1506 | D:3      | Found a hazy altar of Hepliaklqana.
  1535 | D:3      | Reached XP level 5. HP: 17/36 MP: 5/5
  1562 | D:3      | Found a glowing drain.
  1569 | Sewer    | Entered a sewer
  1852 | Sewer    | Reached *** piety under Trog
  1855 | Sewer    | Noticed a kobold brigand
  1869 | Sewer    | Succumbed to a kobold brigand's curare-tipped dart

Illustrated notes

Levels and vault maps discovered:
D:1:      lemuel_arrival_cross, layout_rooms, ebering_ecumenical_altar_petrified
D:2:      layout_loops_cross, kennysheep_donut
D:3:      layout_loops_ring, worldfamousw_hep_ancestral_shrine,
          nicolae_overflow_hidden_temple, serial_rivers,
          chequers_serial_rivers_small_a, chequers_serial_rivers_micro_d,
          chequers_serial_rivers_small_3, chequers_serial_rivers_micro_d,
          serial_shops, shop_fountains, portal_sewer_entry_e, glass_columns_c
Sewer:    sewer_co_15_rooms

Skill      XL: |  1  2  3  4  5 |
---------------+----------------+-----
Stealth        | 1 2 |  2.8
Dodging        | 4 |  4.1
Axes           | 4 |  4.2
Fighting       | |  3.6

Action                   |  1- 3 |  4- 6 || total
-------------------------+-------+-------++-------
Melee: Hand axe          |    58 |    59 ||   117
       Tentacles         |    15 |    11 ||    26
       Constrict         |    14 |    15 ||    29
Invok: Berserk           |       |     2 ||     2
  Use: Scroll            |     2 |     4 ||     6
 Stab: Sleeping          |     6 |     1 ||     7
Armor: Skin              |     9 |     5 ||    14
Dodge: Dodged            |    54 |    51 ||   105

Table legend: (Time is in decaauts)
 A = Elapsed time spent in this place.
 B = Non-inter-level travel time spent in this place.
 C = Inter-level travel time spent in this place.
 D = Time resting spent in this place.
 E = Time spent auto-exploring this place.
 F = Levels seen in this place.
 G = Mean time per level.
                   A        B        C        D        E       F      G
               +--------+--------+--------+--------+--------+-----+--------+
         Total |   1892 |   1892 |      0 |    413 |      0 |   4 |  473.0 |
       Dungeon |   1592 |   1592 |      0 |    183 |      0 |   3 |  530.7 |
         Sewer |    300 |    300 |      0 |    230 |      0 |   1 |  300.0 |
               +--------+--------+--------+--------+--------+-----+--------+

Top non-repeatable levels by time:
     D:2: 628 daAuts
     D:1: 624 daAuts
     D:3: 340 daAuts
   Sewer: 300 daAuts
